Map: Ulrena

Players

Toons

  • Race: Protoss Protoss
  • League: Platinum

SyniaN - Winner!

  • Race: Zerg Zerg
  • League: Platinum

VOD

Have the link to the VOD?

Description

Time

  • Played on: Feb. 5, 2016, 2:55 a.m.
  • Length: 3:29
Show
View Real Time Build Order
Export as new Build Order

Toons Protoss 

Build Orders:  

Get SALT Encoding   

  12  0:01  Probe (Chrono Boost)  
  13  0:11  Probe (Chrono Boost)  
  14  0:23  Pylon  
  14  0:24  Probe (Chrono Boost)  
  15  0:41  Probe (Chrono Boost)  
  16  0:45  Gateway  
  16  0:51  Assimilator, Probe (Chrono Boost)  
  17  1:02  Probe (Chrono Boost)  
  18  1:13  Probe (Chrono Boost)  
  19  1:31  Probe (Chrono Boost)  
  20  1:41  Cybernetics Core  
  20  1:43  Zealot (Chrono Boost)  
  20  1:46  Probe  
  23  1:52  Pylon  
  23  2:03  Probe  
  23  2:06  Assimilator  
  23  2:09  Gateway  
  23  2:11  Zealot (Chrono Boost)  
  25  2:17  Probe  
  26  2:28  Nexus  
  26  2:39  Probe  
  27  2:45  Adept (Chrono Boost)  
  29  2:51  Stargate  
  31  3:14  Pylon  
Show
View Real Time Build Order
Export as new Build Order

SyniaN Zerg - Winner!

Build Orders: Pool First 

Get SALT Encoding   

  12  0:18  Spawning Pool  
  11  0:23  Drone  
  11  0:28  Drone  
  13  0:55  Hatchery  
  12  0:59  Drone  
  13  1:09  Overlord  
  13  1:13  Zergling x2  
  14  1:29  Roach Warren  
  14  1:31  Extractor  
  12  1:33  Extractor  
  12  1:38  Zergling x2  
  12  1:43  Drone  
  12  1:44  Drone  
  15  2:00  Zergling x4  
  17  2:08  Drone  
  17  2:12  Roach  
  19  2:30  Zergling x2  
  19  2:31  Zergling x4  
  21  2:40  Zergling x4  
  23  2:47  Drone  
  24  2:52  Drone  
  24  2:54  Drone  
  25  3:15  Drone  
Tags
 
Matchup
PvZ
Opening
Pool First
Replay Pack
toons-pack1
Add a new tag
Caveats
  • Supply blocks, unpowered buildings, or Contaminate may cause inaccurate times.
  • Supply counts are checked every 10 seconds.